 Dungeon Crawl Stone Soup version 0.21-a0-450-gd87a9b2 (webtiles) character file.

2202 slep the Slasher (level 9, -5/68 HPs)
             Began as a Demonspawn Monk on Nov 20, 2017.
             Was an Elder of Okawaru.
             Slain by a wyvern zombie (10 damage)
             ... on level 6 of the Dungeon.
             The game lasted 00:31:34 (4371 turns).

slep the Slasher (Demonspawn Monk)                  Turns: 4371, Time: 00:31:35

Health: -5/68      AC:  7    Str: 11 (12) XL:     9   Next: 12%
Magic:  9/9        EV: 13    Int: 11      God:    Okawaru [****..]
Gold:   342        SH:  5    Dex: 19      Spells: 8/8 levels left

rFire    + + +     SeeInvis .   P - +2 whip (freeze)
rCold    . . .     Gourm    +   i - +0 buckler
rNeg     + . .     Faith    .   L - +0 ring mail {rF+}
rPois    .         Spirit   .   (helmet restricted)
rElec    .         Reflect  .   (no cloak)
rCorr    .         Harm     .   q - +0 pair of gloves
MR       .....                  G - +0 pair of boots
Stlth    ++........             w - amulet of the gourmand
HPRegen  0.21/turn              N - ring of positive energy
MPRegen  0.11/turn              (no ring)

@: corroded
A: antennae 2, claws 1, molten scales 3, blurry vision 1, demonic guardian 2,
deterioration 2, fire resistance 1, mutation resistance 1, powered by pain 1
a: Heroism, Renounce Religion


You were on level 6 of the Dungeon.
You worshipped Okawaru.
Okawaru was greatly pleased with you.
You were full.

You visited 2 branches of the dungeon, and saw 7 of its levels.

You collected 342 gold pieces.

Inventory:

Hand Weapons
 a - a +0 falchion
 P - a +2 whip of freezing (weapon)
Missiles
 r - 4 javelins of returning (quivered)
 s - 42 sling bullets
 z - 2 throwing nets
 H - 7 tomahawks
 I - 2 needles of confusion
 M - 6 needles of paralysis
Armour
 b - a +0 robe
 i - a +0 buckler (worn)
 m - a +3 leather armour
 o - a +0 pair of gloves
 q - a +0 pair of gloves (worn)
 G - a +0 pair of boots (worn)
 L - a +0 ring mail of fire resistance (worn)
Jewellery
 w - an amulet of the gourmand (around neck)
 x - an uncursed amulet of magic regeneration
 N - a ring of positive energy (left hand)
 Q - a +4 ring of intelligence {unknown}
 R - an uncursed ring of resist corrosion {unknown}
Wands
 g - a wand of random effects (36/48)
 K - a wand of random effects (15/48)
 O - a wand of flame (22/48)
Scrolls
 f - 6 scrolls of identify
 j - a scroll of recharging {unknown}
 l - 3 scrolls of remove curse {unknown}
 u - 2 scrolls of amnesia {unknown}
 v - a scroll of teleportation {unknown}
 B - a scroll of enchant weapon {unknown}
 E - a scroll of enchant armour {unknown}
Potions
 d - 2 potions of curing
 e - 4 potions of lignification
 h - 2 potions of agility
 n - 2 potions of degeneration
 p - 4 potions of ambrosia
 A - a potion of brilliance
 C - 2 potions of heal wounds
 D - a potion of magic {unknown}
 J - a potion of berserk rage {unknown}
Books
 y - a book of Misfortune

   Spells                             Type                      Level
   a - Confusing Touch                Hexes                        1
   b - Confuse                        Hexes                        3
   c - Gell's Gravitas                Translocation                3
   d - Petrify                        Transmutation/Earth          4
   e - Metabolic Englaciation         Hexes/Ice                    5
   f - Yara's Violent Unravelling     Hexes/Transmutation          5
Comestibles
 c - 4 bread rations
 k - 5 meat rations
 t - 8 fruits
 F - a royal jelly


   Skills:
 + Level 5.3 Fighting
 + Level 6.9 Long Blades
 + Level 0.9 Maces & Flails
 + Level 2.3 Throwing
 + Level 2.8 Armour
 + Level 5.4 Dodging
 + Level 4.3 Stealth
 + Level 3.0 Shields


You had 8 spell levels left.
You didn't know any spells.

Dungeon Overview and Level Annotations

Branches:
Dungeon (6/15)             Temple (1/1) D:4

Altars:
Ashenzari
Cheibriados
Fedhas
Hepliaklqana
Okawaru
Qazlal
Trog
Vehumet
Xom

Shops:
D:4 [


Innate Abilities, Weirdness & Mutations

You have sharp fingernails.
You are completely covered in molten scales. (AC +4, rF+)
A demonic guardian rushes to your aid.
Your flesh is heat resistant. (rF+)
You sometimes gain a little power by taking damage.
You have a pair of antennae on your head.
Scrolls take you a little longer to read.
Your body often deteriorates upon taking damage.
You are somewhat resistant to further mutation.


Message History

You hit the jelly. You freeze the jelly.
Your hands burn!
The jelly is almost dead.
The wyvern zombie closely misses you. The jelly completely misses you.
You hit the jelly but do no damage.
Your hands burn!
The jelly is almost dead.
The wyvern zombie closely misses you. The jelly hits you.
You are splashed with acid!
The acid burns!
* * * LOW HITPOINT WARNING * * *
You hit the jelly. You freeze the jelly.
You kill the jelly!
Okawaru accepts your kill. The wyvern zombie closely misses you.
You block the wyvern zombie's attack.
You hit the wyvern zombie but do no damage.
The wyvern zombie barely misses you.
You hit the wyvern zombie.
The wyvern zombie is lightly damaged.
The wyvern zombie bites you!
* * * LOW HITPOINT WARNING * * *
The wyvern zombie bites you!
You die... .......#.#'# ......... ........)... ......... ''..........

........#
##[.........
........###
#..........
..........#
#.....†....
..........#
#........).
..........#
#........[.
......Z@.>#
#..........
.######...#
#.......... #...#
#.......... ###...##
##......##. #......#
#......##. #......#
#......##.
#......####......##.
#................##.
#................##.


You could see a wyvern zombie.

Vanquished Creatures
  Sigmund (D:5)
  A phantom (D:5)
  2 sky beasts (D:6)
  An ice beast (D:6)
  The ghost of 0gre the Shooter, an amateur DrHu (D:3)
  A centaur (D:5)
  3 ogres
  Blork the orc (D:5)
  2 bullfrogs (D:6)
  2 crimson imps
  A hound (D:4)
  2 jellies
  2 orc priests (D:6)
  4 worker ants
  Natasha (twice) (D:3)
  4 adders (D:4)
  A shadow imp (D:5)
  An ooze (D:4)
  An adder zombie (D:5)
  2 worms (D:2)
  3 dart slugs
  2 leopard geckos (D:4)
  14 orcs
  2 ball pythons
  4 giant cockroaches
  10 goblins
  11 hobgoblins
  7 jackals
  10 kobolds
  3 quokkas
  5 bats
  6 frilled lizards
  11 rats
123 creatures vanquished.

Vanquished Creatures (collateral kills)
  Pikel (D:5)
  Eustachio (D:6)
  A centaur (D:5)
  A scorpion (D:4)
  A crimson imp (D:4)
  A bullfrog zombie (D:6)
  2 worker ants (D:6)
  Ijyb (D:5)
  Natasha (D:3)
  An ooze (D:5)
  2 orcs (D:5)
  A quokka (D:5)
14 creatures vanquished.

Grand Total: 137 creatures vanquished

Notes
Turn   | Place    | Note
-------+----------+-------------------------------------------
     0 | D:1      | slep the Demonspawn Monk began the quest for the Orb.
     0 | D:1      | Reached XP level 1. HP: 18/18 MP: 1/1
    73 | D:1      | Gained mutation: You are partially covered in molten scales. (AC +2) [demonic ancestry]
    73 | D:1      | Reached XP level 2. HP: 8/24 MP: 2/2
   135 | D:1      | Reached skill level 3 in Long Blades
   498 | D:1      | Gained mutation: You sometimes gain a little power by taking damage. [demonic ancestry]
   498 | D:1      | Reached XP level 3. HP: 29/29 MP: 3/3
   997 | D:2      | Gained mutation: You are mostly covered in molten scales. (AC +3) [demonic ancestry]
   997 | D:2      | Reached XP level 4. HP: 13/35 MP: 4/4
  1099 | D:2      | Found a bloodstained altar of Trog.
  1401 | D:2      | Found a blossoming altar of Fedhas.
  1875 | D:3      | Found a shattered altar of Ashenzari.
  1917 | D:3      | Noticed 0gre's ghost (amateur DrHu)
  1945 | D:3      | Killed 0gre's ghost
  1945 | D:3      | Reached skill level 4 in Long Blades
  1945 | D:3      | Reached skill level 1 in Armour
  1945 | D:3      | Gained mutation: A weak demonic guardian rushes to your aid. [demonic ancestry]
  1945 | D:3      | Reached XP level 5. HP: 20/42 MP: 5/5
  2246 | D:4      | Found a radiant altar of Vehumet.
  2247 | D:4      | Noticed an ogre
  2253 | D:4      | Killed an ogre
  2253 | D:4      | Reached skill level 1 in Throwing
  2253 | D:4      | Reached skill level 1 in Shields
  2253 | D:4      | Gained mutation: You are completely covered in molten scales. (AC +4, rF+) [demonic ancestry]
  2253 | D:4      | Reached XP level 6. HP: 48/48 MP: 6/6
  2280 | D:4      | Found a staircase to the Ecumenical Temple.
  2294 | Temple   | Entered the Ecumenical Temple
  2325 | Temple   | Became a worshipper of Warmaster Okawaru
  2325 | Temple   | Reached * piety under Okawaru
  2325 | Temple   | Reached ** piety under Okawaru
  2413 | D:4      | Found Cidiotol's Armour Shop.
  2413 | D:4      | Found a stormy altar of Qazlal.
  2414 | D:4      | Found a blossoming altar of Fedhas.
  2539 | D:3      | Noticed Natasha
  2548 | D:3      | Killed Natasha
  2936 | D:3      | Noticed Natasha
  2954 | D:3      | Killed Natasha
  3015 | D:3      | Noticed Natasha
  3021 | D:3      | Killed Natasha
  3091 | D:4      | Gained mutation: A demonic guardian rushes to your aid. [demonic ancestry]
  3091 | D:4      | Reached XP level 7. HP: 49/54 MP: 7/7
  3302 | D:4      | Found a hazy altar of Hepliaklqana.
  3303 | D:4      | Found a snail-covered altar of Cheibriados.
  3308 | D:4      | Reached skill level 5 in Long Blades
  3357 | D:5      | Entered Level 5 of the Dungeon
  3357 | D:5      | Noticed Ijyb
  3365 | D:5      | Killed Ijyb
  3467 | D:5      | Noticed Blork the orc
  3475 | D:5      | Killed Blork the orc
  3526 | D:5      | Reached *** piety under Okawaru
  3654 | D:5      | Noticed Pikel
  3677 | D:5      | Killed Pikel
  3677 | D:5      | Received a gift from Okawaru
  3677 | D:5      | Reached skill level 6 in Long Blades
  3677 | D:5      | Gained mutation: Your flesh is heat resistant. (rF+) [demonic ancestry]
  3677 | D:5      | Reached XP level 8. HP: 39/61 MP: 8/8
  3812 | D:5      | Reached skill level 5 in Fighting
  3909 | D:5      | Noticed Sigmund
  3945 | D:5      | Gained mutation: You are somewhat resistant to further mutation. [potion of mutation]
  3945 | D:5      | Gained mutation: You have a pair of small antennae on your head. [potion of mutation]
  3957 | D:5      | Killed Sigmund
  3957 | D:5      | Reached **** piety under Okawaru
  4226 | D:6      | Received a gift from Okawaru
  4238 | D:6      | Noticed Eustachio
  4246 | D:6      | Killed Eustachio
  4246 | D:6      | Reached skill level 5 in Dodging
  4280 | D:6      | Gained mutation: You have sharp fingernails. [demonic ancestry]
  4280 | D:6      | Reached XP level 9. HP: 55/68 MP: 9/9
  4290 | D:6      | Gained mutation: Your body sometimes deteriorates upon taking damage. [mutagenic meat]
  4292 | D:6      | Gained mutation: Scrolls take you a little longer to read. [mutagenic meat]
  4294 | D:6      | Gained mutation: You have a pair of antennae on your head. [mutagenic meat]
  4295 | D:6      | Gained mutation: Your body often deteriorates upon taking damage. [mutagenic meat]
  4371 | D:6      | Slain by a wyvern zombie

Vault maps used:
D:1:      dpeg_arrival_court, minmay_misc_feat_columns
D:2:      lemuel_crystal_altar, fedhas_altar_fruit_tree
D:3:      cheibrodos_ashenzari_chains, first_bread, st_stairs_1, uniq_natasha
D:4:      grunt_temple_overflow_forces_of_nature, overflow_temple_1_default,
          minitemple, temple_fountains, serial_shops, shop
D:5:      st_stairs_11, nicolae_zen_rock_garden, uniq_blork_the_orc, uniq_ijyb,
          uniq_pikel, uniq_sigmund
D:6:      uniq_eustachio
Temple:   minmay_temple_curvy_branch

Skill      XL: |  1  2  3  4  5  6  7  8  9 |
---------------+----------------------------+-----
Dodging        | 3 4 5 |  5.4
Long Blades    | 3 4 6 |  6.9
Stealth        | 2 3 4 |  4.3
Armour         | 1 2 |  2.8
Fighting       | 4 5 |  5.3
Throwing       | 1 2 |  2.3
Shields        | 1 2 3 |  3.0
Maces & Flails | |  0.9

Action                   |  1- 3 |  4- 6 |  7- 9 || total
-------------------------+-------+-------+-------++-------
Melee: Falchion          |    80 |   241 |   130 ||   451
       Whip              |       |       |   109 ||   109
Throw: Javelin           |       |    27 |    10 ||    37
  Use: Potion            |       |       |     8 ||     8
       Scroll            |       |       |     1 ||     1
 Stab: Sleeping          |     5 |     2 |     4 ||    11
       Invisible         |       |       |     1 ||     1
  Eat: Chunk             |       |    26 |    10 ||    36
Armor: Robe              |     8 |       |       ||     8
       Leather armour    |    12 |   101 |    43 ||   156
       Ring mail         |       |       |    30 ||    30
Dodge: Dodged            |    43 |   127 |   110 ||   280
Block: Buckler           |     7 |    50 |    50 ||   107
       Rpst.: Falchion   |    14 |    51 |    19 ||    84

Table legend:
 A = Spawn XP
 B = Non-spawn XP
 C = Spawn XP percentage of total XP
 D = Spawn monster count
 E = Non-spawn monster count
 F = Spawn count percentage of total count
 G = Total turns spent on level
                    A         B        C        D         E        F      G
               +---------+---------+-------+---------+---------+-------+---------
         Total |       0 |    3146 |   0.0 |       0 |     137 |   0.0 |  4371
               +---------+---------+-------+---------+---------+-------+---------
           D:1 |       0 |      44 |   0.0 |       0 |      26 |   0.0 |   926
           D:2 |       0 |     110 |   0.0 |       0 |      24 |   0.0 |   900
           D:3 |       0 |     284 |   0.0 |       0 |      26 |   0.0 |   922
           D:4 |       0 |     377 |   0.0 |       0 |      19 |   0.0 |   550
           D:5 |       0 |    1404 |   0.0 |       0 |      18 |   0.0 |   693
           D:6 |       0 |     927 |   0.0 |       0 |      24 |   0.0 |   321
               +---------+---------+-------+---------+---------+-------+---------
